 Dungeon Crawl Stone Soup version 0.30-a0-782-ge64f9170bb (webtiles) character file.

Game seed: 15919686986164567365

38024 senseless the Spry (level 14, -2/115 HPs)
             Began as a Merfolk Gladiator on Feb 23, 2023.
             Was the Champion of Qazlal.
             Killed from afar by a starcursed mass (11 damage)
             ... with an accursed screaming
             ... on level 2 of the Abyss.
             The game lasted 00:39:55 (15213 turns).

senseless the Spry (Merfolk Gladiator)             Turns: 15213, Time: 00:39:56

Health: -2/115     AC: 41    Str: 19    XL:     14   Next: 0%
Magic:  2/14       EV: 27    Int: 11    God:    Qazlal [******]
Gold:   2171       SH: 14    Dex: 13    Spells: 13/13 levels left

rFire   . . .      SeeInvis +    a - +4 spear (flame)
rCold   . . .      Faith    .    y - +1 buckler {rN+}
rNeg    + . .      Spirit   .    f - +8 orange crystal plate armour {Archmagi, Int+3 Clar}
rPois   +          Reflect  .    h - +2 helmet
rElec   .          Harm     .    O - +1 cloak
rCorr   .          Rampage  .    D - +1 pair of gloves {infuse}
Will    +++..      Archmagi +    N - +0 pair of boots Stlth Clarity +
                                 C - amulet of the acrobat
HPRegen 0.39/turn                g - +5 ring of evasion
MPRegen 0.14/turn                b - ring of Plog {Contam rPois Slay+5 SInv}

@: protected from physical damage, acrobatic, studying Dodging, repel missiles
A: (nimble swimmer 2), mertail, clumsy 1, strong-willed 2
a: Renounce Religion, Upheaval, Elemental Force, Disaster Area


You were on level 2 of the Abyss.
You worshipped Qazlal.
Qazlal was exalted by your worship.
You visited 4 branches of the dungeon, and saw 16 of its levels.
You visited the Abyss 1 time.
You also visited: Gauntlet.

You collected 2585 gold pieces.
You spent 414 gold pieces at shops.

Inventory:

Hand Weapons
 a - a +4 spear of flaming (weapon)
 B - a +1 halberd of electrocution
 F - the +9 rapier "Ymuad" {freeze, rElec Int+3 SInv}
   (You found it in a Gauntlet)

   Int:       It affects your intelligence (+3).
   rElec:     It insulates you from electricity.
   SInv:      It lets you see invisible.
Missiles
 c - a throwing net (quivered)
 p - 4 silver javelins
Armour
 f - the +8 orange crystal plate armour (worn) {Archmagi, Int+3 Clar}
   (You found it on level 7 of the Dungeon)

   Int:       It affects your intelligence (+3).
   Clar:      It protects you against confusion.
 h - a +2 helmet (worn)
 y - a +1 buckler of positive energy (worn)
 D - a +1 pair of gloves of infusion (worn)
 N - a +0 pair of boots (worn)
 O - a +1 cloak (worn)
Jewellery
 b - the ring of Plog (right hand) {Contam rPois Slay+5 SInv}
   (You found it on level 4 of the Dungeon)

   [ring of poison resistance]

   Slay:      It affects your accuracy & damage with ranged weapons and melee
   (+5).
   rPois:     It protects you from poison.
   SInv:      It lets you see invisible.
   Contam:    It causes magical contamination when unequipped.
 g - a +5 ring of evasion (left hand)
 j - a +6 ring of strength
 m - a ring of poison resistance
 x - a ring of ice
 C - an amulet of the acrobat (around neck)
 E - a ring of positive energy
 J - a +6 ring of dexterity
 P - a ring of wizardry
 Q - a ring of fire
Wands
 d - a wand of digging (3)
 l - a wand of flame (24)
 q - a wand of polymorph (18)
 H - a wand of paralysis (9)
 I - a wand of iceblast (5)
Scrolls
 e - 3 scrolls of poison
 k - 3 scrolls of amnesia
 o - 2 scrolls of fear
 s - 2 scrolls of teleportation
 v - a scroll of blinking
 w - 2 scrolls of torment
 G - 3 scrolls of magic mapping
 K - 7 scrolls of identify
Potions
 i - 2 potions of curing
 n - a potion of might
 r - 2 potions of heal wounds
 t - 2 potions of brilliance
 u - 2 potions of haste
 z - a potion of flight
 A - 2 potions of berserk rage
 L - a potion of mutation
 M - a potion of magic


   Skills:
 + Level 12.1 Fighting
 + Level 14.6 Polearms
 - Level 2.0 Throwing
 + Level 10.9 Armour
 + Level 18.1 Dodging
 - Level 4.1 Shields


You had 13 spell levels left.
You didn't know any spells.
Your spell library contained the following spells:

 Spells                   Type           Power      Damage    Failure   Level
 Slow                     Hex            0%         N/A       100%        1
 Summon Small Mammal      Summ           0%         N/A       100%        1
 Blink                    Tloc           0%         N/A       100%        2
 Ensorcelled Hibernation  Hex/Ice        0%         N/A       100%        2
 Lesser Beckoning         Tloc           0%         N/A       100%        2
 Momentum Strike          Conj/Tloc      0%         3d8       100%        2
 Passwall                 Tmut/Erth      0%         N/A       100%        2
 Sublimation of Blood     Necr           0%         N/A       100%        2
 Call Canine Familiar     Summ           0%         N/A       100%        3
 Confusing Touch          Hex            0%         N/A       100%        3
 Ignite Poison            Fire/Tmut/Pois 0%         N/A       100%        3
 Portal Projectile        Hex/Tloc       0%         N/A       100%        3
 Spider Form              Tmut/Pois      0%         N/A       100%        3
 Summon Guardian Golem    Hex/Summ       0%         N/A       100%        3
 Swiftness                Air            0%         N/A       100%        3
 Vampiric Draining        Necr           0%         2d6       100%        3
 Anguish                  Hex/Necr       0%         N/A       100%        4
 Animate Armour           Summ/Erth      0%         N/A       100%        4
 Leda's Liquefaction      Hex/Erth       0%         N/A       100%        4
 Petrify                  Tmut/Erth      0%         N/A       100%        4
 Sticky Flame             Conj/Fire      0%         2d3       100%        4
 Blade Hands              Tmut           0%         N/A       100%        5
 Irradiate                Conj/Tmut      0%         3d11      100%        5
 Iron Shot                Conj/Erth      0%         9d1       100%        6
 Ignition                 Fire           0%         3d3       100%        8


Dungeon Overview and Level Annotations

Branches:
Dungeon (11/15)            Temple (0/1) D:6            Lair (2/5) D:11
    Orc (2/2) D:11            Elf (1/3) Orc:2       Gauntlet (visited)
  Swamp: Lair:2-3    Shoals: Lair:2-3     Snake: Lair:2-3    Spider: Lair:2-3

Altars:
Dithmenos
Elyvilon
Fedhas
Gozag
Hepliaklqana
Kikubaaqudgha
Makhleb
Nemelex Xobeh
Okawaru
Qazlal
Ru
Trog
Uskayaw
Wu Jian
Xom
The Shining One

Shops:
D:7 *   Orc:2 *[:(

Annotations:
Lair:2 Sonja


Innate Abilities, Weirdness & Mutations

((You are very nimble when in or above water. (Stealth+, EV+, Speed+++)))
Your lower body shifts to a powerful aquatic tail in water.
You are clumsy. (Dex -2)
You are highly strong-willed. (Will++)


Message History

You destroy the starcursed mass!
Qazlal accepts your kill.
A cacophony of accursed wailing tears at your sanity!
* * * LOW HITPOINT WARNING * * *
You shrug off the repeated paralysis!
The starcursed mass is engulfed in freezing vapours.
The starcursed mass shudders and withdraws towards its neighbour. x3
The starcursed mass is engulfed in freezing vapours.
The starcursed mass shudders and withdraws towards its neighbour. x2
A starcursed mass splits.
The starcursed mass touches you but does no damage.
You can move again.
You are too injured to fight recklessly!
You are too injured to fight recklessly!
You are too injured to fight recklessly!
You are too injured to fight recklessly!
You are too injured to fight recklessly!
You are too injured to fight recklessly!
You are too injured to fight recklessly!
You are too injured to fight recklessly!
You are too injured to fight recklessly!
You are too injured to fight recklessly!
You are too injured to fight recklessly!
You are too injured to fight recklessly!
You are too injured to fight recklessly!
You are too injured to fight recklessly!
You are too injured to fight recklessly!
You are too injured to fight recklessly!
You are too injured to fight recklessly!
You are too injured to fight recklessly!
A cacophony of accursed wailing tears at your sanity!
* * * LOW HITPOINT WARNING * * *
You suddenly lose the ability to move!
A starcursed mass splits. x2
You can move again.
Your protection from physical attacks is fading.
A cacophony of accursed wailing tears at your sanity!
* * * LOW HITPOINT WARNING * * *
A cacophony of accursed wailing tears at your sanity!
You die...

# # .##..#.#..
.#.... .#.#.#.
.##..##..#..
#...#.....#.....##.
...#....#..#...##.#
.. ......##....#.##
..........X#X○..☼..#
..... ..X.XXX§°○.##
........X.XX.X§.@.#
...
.....X.°..X.#.....#
...
.......XX○.##.#.###
..... ......#..# ##
.# .....∩.......##.#
.. ..............#
.. ..
#.......#...#.#..# #
.##........### .#.#
... .....


You could see 12 starcursed masses.

Vanquished Creatures
  Jorgrun (Orc:2)
  Gastronok (D:10)
  2 orc warlords
  A minotaur (Gauntlet)
  Harold (D:10)
  A boulder beetle (Lair:1)
  5 two-headed ogres
  4 orc high priests (Orc:2)
  A deep elf knight (Orc:2)
  Amaemon (D:10)
  3 sixfirhies (Gauntlet)
  A deep elf archer (Elf:1)
  2 deep elf pyromancers
  4 orc knights (Orc:2)
  2 wizards (Gauntlet)
  5 orc sorcerers
  A moth of wrath (Gauntlet)
  Joseph (D:7)
  A black mamba (Lair:2)
  The ghost of tilp the Slasher, a novice MeFi (D:4)
  An unseen horror (D:10)
  An orange demon (D:10)
  A cane toad (Lair:2)
  The ghost of Barriton the Conjurer, a novice DrCj of Sif Muna (D:5)
  Maggie (D:10)
  2 rime drakes
  A kobold demonologist (D:10)
  A komodo dragon (Lair:1)
  A troll (Orc:2)
  A polar bear (D:11)
  2 hornets (D:7)
  4 blink frogs (Lair:1)
  5 wyverns
  A wraith (D:11)
  11 yaks
  Grum (D:10)
  A warg (Orc:1)
  2 water moccasins
  33 orc warriors
  2 sky beasts (D:8)
  A black bear (D:8)
  5 ice beasts
  3 centaurs
  5 ogres
  13 wolves
  5 kobold brigands
  A phantom (D:6)
  Blork the orc (D:6)
  A scorpion (D:5)
  6 bullfrogs
  4 necrophages
  A small abomination (Abyss:2)
  10 wights
  10 killer bees
  8 howler monkeys
  An electric eel (Lair:1)
  18 orc priests
  A bullfrog zombie (D:4)
  A centaur skeleton (D:4)
  A jelly (D:8)
  A starcursed mass (Abyss:2)
  A bullfrog skeleton (D:4)
  3 iguanas
  36 orc wizards
  10 adders
  5 shadow imps
  3 white imps
  2 worms
  84 orcs
  8 endoplasms
  5 giant cockroaches
  9 goblins
  4 hobgoblins
  9 jackals
  23 kobolds
  4 quokkas
  5 ball pythons
  6 bats
  5 frilled lizards
  4 rats
435 creatures vanquished.

Vanquished Creatures (others)
  2 deep elf zephyrmancers (Elf:1)
  A demonic plant (Gauntlet)
  4 fungi
  5 plants
12 creatures vanquished.

Grand Total: 447 creatures vanquished

Notes
Turn   | Place    | Note
-------+----------+-------------------------------------------
     0 | D:1      | senseless the Merfolk Gladiator began the quest for the
                  | Orb.
     0 | D:1      | Reached XP level 1. HP: 16/16 MP: 1/1
   118 | D:1      | Reached XP level 2. HP: 23/23 MP: 2/2
   414 | D:1      | Reached XP level 3. HP: 26/28 MP: 3/3
   882 | D:2      | Reached XP level 4. HP: 33/35 MP: 4/4
  1017 | D:2      | Found a stormy altar of Qazlal.
  1025 | D:2      | Became a worshipper of Qazlal Stormbringer
  1227 | D:3      | Reached skill level 5 in Polearms
  1256 | D:3      | Reached skill level 5 in Dodging
  1479 | D:3      | Found a faded altar of an unknown god.
  1580 | D:3      | Reached XP level 5. HP: 12/42 MP: 5/5
  1793 | D:3      | Gained mutation: You are partially covered in large bone
                  | plates. (SH +4) [potion of mutation]
  2154 | D:3      | Found a sacrificial altar of Ru.
  2242 | D:3      | Found an opulent altar of Gozag.
  2465 | D:4      | Noticed an ogre
  2473 | D:4      | Killed an ogre
  2474 | D:4      | Reached skill level 1 in Armour
  2474 | D:4      | Reached skill level 6 in Dodging
  2474 | D:4      | Reached XP level 6. HP: 32/48 MP: 6/6
  2564 | D:4      | Reached * piety under Qazlal
  2870 | D:4      | Found a stormy altar of Qazlal.
  2939 | D:4      | Found a runed translucent gate.
  2939 | D:4      | Found a runed translucent gate.
  2939 | D:4      | Found a runed translucent gate.
  2949 | D:4      | Noticed tilp's ghost (novice MeFi)
  3253 | D:4      | Killed tilp's ghost
  3254 | D:4      | Reached XP level 7. HP: 7/55 MP: 7/7
  3433 | D:4      | Identified the ring of Plog {Contam rPois Slay+5 SInv}
  3448 | D:5      | Entered Level 5 of the Dungeon
  3457 | D:5      | Reached skill level 5 in Fighting
  3503 | D:5      | Reached skill level 7 in Dodging
  3503 | D:5      | Reached XP level 8. HP: 62/62 MP: 8/8
  3609 | D:5      | Found an iron altar of Okawaru.
  3808 | D:5      | Found a runed translucent door.
  3811 | D:5      | Noticed Barriton's ghost (novice DrCj)
  4224 | D:5      | Killed Barriton's ghost
  4277 | D:6      | You fall into a shaft and drop 2 floors!
  4309 | D:7      | Noticed a hornet
  4333 | D:7      | Killed a hornet
  4422 | D:7      | Found the +8 orange crystal plate armour {Archmagi, Int+3
                  | Clar}
  4470 | D:7      | Reached skill level 8 in Dodging
  4537 | D:7      | Reached XP level 9. HP: 42/69 MP: 9/9
  4776 | D:7      | Found Noull's Lightly-Used Armoury.
  4947 | D:7      | Found an ancient bone altar of Kikubaaqudgha.
  4947 | D:7      | Noticed Joseph
  4969 | D:7      | Killed Joseph
  4970 | D:7      | Reached skill level 5 in Armour
  5029 | D:6      | Noticed Blork the orc
  5036 | D:6      | Killed Blork the orc
  5192 | D:6      | Found a hide-covered altar of Uskayaw.
  5207 | D:6      | Reached ** piety under Qazlal
  5328 | D:6      | Found a staircase to the Ecumenical Temple.
  5366 | D:6      | Reached skill level 9 in Dodging
  5433 | D:6      | Found a hazy altar of Hepliaklqana.
  5444 | D:6      | Found a sparkling altar of Nemelex Xobeh.
  6000 | D:7      | Reached XP level 10. HP: 63/79 MP: 10/10
  6195 | D:7      | Identified a scroll of acquirement
  6195 | D:7      | Acquired a manual of Dodging
  6522 | D:8      | Reached skill level 10 in Dodging
  6762 | D:8      | Reached skill level 10 in Polearms
  6768 | D:8      | Reached *** piety under Qazlal
  7215 | D:9      | Acquired a +1 buckler of positive energy
  7223 | D:9      | Acquired 1035 gold pieces
  7248 | D:9      | Reached skill level 11 in Dodging
  7381 | D:9      | Found an ornate altar of the Wu Jian Council.
  7397 | D:9      | Found a shadowy altar of Dithmenos.
  7425 | D:9      | Found a white marble altar of Elyvilon.
  7484 | D:9      | Found a glowing golden altar of the Shining One.
  7515 | D:9      | Found a shimmering altar of Xom.
  7534 | D:9      | Noticed a two-headed ogre
  7544 | D:9      | Killed a two-headed ogre
  7731 | D:9      | Found a bloodstained altar of Trog.
  7738 | D:9      | Reached XP level 11. HP: 75/87 MP: 11/11
  7750 | D:9      | Reached skill level 12 in Dodging
  7750 | D:9      | Lost mutation: You are partially covered in large bone
                  | plates. (SH +4) [potion of mutation]
  7750 | D:9      | Gained mutation: You are partially covered in large bone
                  | plates. (SH +4) [potion of mutation]
  7750 | D:9      | Lost mutation: You are partially covered in large bone
                  | plates. (SH +4) [potion of mutation]
  7750 | D:9      | Gained mutation: You passively map a small area around you.
                  | [potion of mutation]
  7992 | D:10     | Entered Level 10 of the Dungeon
  7992 | D:10     | Noticed Maggie
  8012 | D:10     | Killed Maggie
  8300 | D:10     | Noticed Grum
  8311 | D:10     | Killed Grum
  8365 | D:10     | Noticed Harold
  8366 | D:10     | Found a burning altar of Makhleb.
  8380 | D:10     | Killed Harold
  8438 | D:10     | Noticed a two-headed ogre
  8447 | D:10     | Killed a two-headed ogre
  8448 | D:10     | Reached skill level 13 in Dodging
  8480 | D:10     | Noticed Amaemon
  8498 | D:10     | Killed Amaemon
  8506 | D:10     | Reached **** piety under Qazlal
  8526 | D:10     | Noticed a two-headed ogre
  8537 | D:10     | Killed a two-headed ogre
  8539 | D:10     | Noticed Gastronok
  8578 | D:10     | Killed Gastronok
  8714 | D:10     | Reached skill level 14 in Dodging
  8828 | D:10     | Found a blossoming altar of Fedhas.
  9016 | D:11     | Reached XP level 12. HP: 97/97 MP: 12/12
  9031 | D:11     | Reached skill level 10 in Fighting
  9056 | D:11     | Found a staircase to the Lair.
  9065 | D:11     | Noticed a two-headed ogre
  9074 | D:11     | Killed a two-headed ogre
  9115 | D:11     | Found a gate leading to a gauntlet.
  9129 | Gauntlet | Entered a Gauntlet
  9129 | Gauntlet | Found a transporter.
  9129 | Gauntlet | Found a transporter.
  9142 | Gauntlet | Found a runed translucent door.
  9144 | Gauntlet | Found a transporter.
  9146 | Gauntlet | Found a runed translucent door.
  9147 | Gauntlet | Noticed a tengu warrior
  9156 | Gauntlet | Found a transporter.
  9173 | Gauntlet | Found a transporter.
  9174 | Gauntlet | Found a transporter.
  9174 | Gauntlet | Found a transporter.
  9176 | Gauntlet | Found a transporter.
  9176 | Gauntlet | Found a transporter.
  9190 | Gauntlet | Found a transporter.
  9206 | Gauntlet | Found a transporter.
  9206 | Gauntlet | Noticed a catoblepas
  9216 | Gauntlet | Found a transporter.
  9230 | Gauntlet | Found a transporter.
  9251 | Gauntlet | Found a transporter.
  9317 | Gauntlet | Reached ***** piety under Qazlal
  9398 | Gauntlet | Reached skill level 15 in Dodging
  9593 | Gauntlet | Lost mutation: You passively map a small area around you.
                  | [potion of mutation]
  9593 | Gauntlet | Gained mutation: You are strong-willed. (Will+) [potion of
                  | mutation]
  9593 | Gauntlet | Gained mutation: You are clumsy. (Dex -2) [potion of
                  | mutation]
  9593 | Gauntlet | Gained mutation: You are highly strong-willed. (Will++)
                  | [potion of mutation]
  9735 | Gauntlet | Identified the +9 rapier "Ymuad" {freeze, rElec Int+3 SInv}
  9754 | Gauntlet | Noticed a minotaur
  9778 | Gauntlet | Killed a minotaur
 10290 | D:11     | Found a staircase to the Orcish Mines.
 10515 | Orc:1    | Entered Level 1 of the Orcish Mines
 10700 | Orc:1    | Noticed an orc warlord
 10742 | Orc:1    | Reached skill level 10 in Armour
 10754 | Orc:1    | Killed an orc warlord
 10896 | Orc:1    | Reached skill level 16 in Dodging
 11514 | Orc:2    | Entered Level 2 of the Orcish Mines
 11514 | Orc:2    | Noticed Jorgrun
 11534 | Orc:2    | Killed Jorgrun
 11535 | Orc:2    | Reached XP level 13. HP: 106/106 MP: 0/13
 11732 | Orc:2    | Reached skill level 1 in Shields
 11742 | Orc:2    | Noticed an orc warlord
 12221 | Orc:2    | Killed an orc warlord
 12531 | Orc:2    | Found a staircase to the Elven Halls.
 12609 | Orc:2    | Reached skill level 17 in Dodging
 12723 | Orc:2    | Reached ****** piety under Qazlal
 13716 | Orc:2    | Found Astiwath's Antique Armour Boutique.
 13717 | Orc:2    | Found Quarul's Antique Weapon Shop.
 13719 | Orc:2    | Found Hograc's General Store.
 13719 | Orc:2    | Found Vympel's Book Boutique.
 13724 | Orc:2    | Bought 3 scrolls of identify for 78 gold pieces
 13724 | Orc:2    | Bought a potion of magic for 104 gold pieces
 13724 | Orc:2    | Bought a scroll of enchant armour for 97 gold pieces
 13734 | Orc:2    | Bought a cloak for 135 gold pieces
 13864 | Elf:1    | Entered Level 1 of the Elven Halls
 13892 | Elf:1    | Noticed a deep elf demonologist
 13898 | Elf:1    | Noticed a reaper
 14156 | Lair:1   | Entered Level 1 of the Lair of Beasts
 14471 | Lair:1   | Identified the +5 rapier of the Ten Suns {vamp, Fragile
                  | Dex+3 SInv}
 14591 | Lair:1   | Reached skill level 18 in Dodging
 15159 | Lair:2   | Noticed Sonja
 15172 | Abyss:2  | Cast into level 2 of the Abyss (Sonja)
 15178 | Abyss:2  | Noticed a starcursed mass
 15184 | Abyss:2  | Reached XP level 14. HP: 106/115 MP: 3/14
 15187 | Abyss:2  | Noticed a starcursed mass
 15188 | Abyss:2  | Paralysed by accursed screaming for 1 turns
 15200 | Abyss:2  | Paralysed by accursed screaming for 2 turns
 15207 | Abyss:2  | Paralysed by accursed screaming for 2 turns
 15213 | Abyss:2  | Killed from afar by a starcursed mass

Illustrated notes

Levels and vault maps discovered:
D:1:      eino_arrival_tree_alley, layout_loops_ring, st_stairs_5,
          minmay_hedge_maze, chequers_serial_rivers_micro_a
D:2:      cheibrodos_helix_gallery, layout_rooms, basic_altar
D:3:      minmay_general_purpose_star, layout_loops_corners,
          nicolae_ru_path_of_blood, nicolae_gozag_seed_capital,
          chequers_ecumenical_altar_twisty
D:4:      layout_loops_ring, grunt_qazlal_sundering, gammafunk_ghost_necromancy
D:5:      layout_loops_ring, mainiacjoe_overflow_boulevard,
          ebering_ghost_reflecting_pool, hangedman_glass_teeth
D:6:      layout_cave_pools, mainiacjoe_overflow_surrounded_room,
          nicolae_uskayaw_dance_studio, mainiacjoe_overflow_cross_hatched,
          minmay_temple_entry_statues_fountains, st_stairs_14,
          solitary_fountain, uniq_blork_the_orc
D:7:      layout_loops_corners, mainiacjoe_overflow_paths, grunt_ministairs_11,
          corexii_item_surrounded_by_moat, minmay_shop_damaged, uniq_joseph
D:8:      minmay_four_partial_circles, layout_basic, interstate_on_off,
          minmay_starry_boxes
D:9:      layout_gridville, trog_book, tso_oasis_becter,
          nicolae_overflow_quartered_altars
D:10:     layout_rooms, bloody_makhleb, fedhas_altar_4, uniq_maggie,
          uniq_harold, uniq_grum, uniq_amaemon, uniq_gastronok
D:11:     layout_basic, hellmonk_lair_entry_icy, orc_0_dummy,
          gauntlet_entry_generic
Lair:1:   layout_gridlike, chequers_serial_rivers_micro_e,
          infiniplex_staircase_pool_2
Lair:2:   layout_gridlike, uniq_sonja
Orc:1:    layout_diamond_mine
Orc:2:    st_orc_congregation, layout_caves, uniq_jorgrun
Elf:1:    cheibrodos_elf_bladeworks, layout_onion_city, basic_altar,
          serial_shops, shop_fountains, evilmike_minifort,
          ebering_dispersal_statue_hall, minmay_strange_pillars
Abyss:2:  base:
Swamp:4

Skill      XL: |  1  2  3  4  5  6  7  8  9 10 11 12 13 |
---------------+----------------------------------------+-----
Fighting       | 3 4 5 6 7 8 9 11 12 | 12.1
Polearms       | 5 6 7 8 9 10 12 13 14 | 14.6
Dodging        | 5 6 7 8 9 11 14 16 18 | 18.1
Armour         | 1 2 3 4 6 7 8 10 | 10.9
Shields        | 4 |  4.1
Throwing       | |  2.0

Action                     |  1- 3 |  4- 6 |  7- 9 | 10-12 | 13-15 || total
---------------------------+-------+-------+-------+-------+-------++-------
  Melee: Trident           |   128 |   256 |   257 |       |       ||   641
         Punch             |       |     3 |     6 |       |       ||     9
         Halberd           |       |       |       |   109 |       ||   109
         Spear             |       |       |       |   634 |   519 ||  1153
    Use: Scroll            |       |     6 |     3 |    15 |     2 ||    26
         Potion            |       |     4 |     1 |    14 |       ||    19
   Stab: Sleeping          |     1 |     2 |       |       |       ||     3
 Armour: Leather armour    |    38 |    30 |       |       |       ||    68
         Crystal plate arm |       |    70 |    81 |   262 |    91 ||   504
         Skin              |       |       |     8 |       |       ||     8
  Dodge: Dodged            |    94 |    82 |    81 |   226 |    90 ||   573
         Repelled          |       |       |       |     3 |     4 ||     7
  Block: Other             |       |    24 |    49 |    31 |       ||   104
         Buckler           |       |       |       |   197 |   147 ||   344

Table legend: (Time is in decaauts)
 A = Elapsed time spent in this place.
 B = Non-inter-level travel time spent in this place.
 C = Inter-level travel time spent in this place.
 D = Time resting spent in this place.
 E = Time spent auto-exploring this place.
 F = Levels seen in this place.
 G = Mean time per level.
                   A        B        C        D        E       F      G
               +--------+--------+--------+--------+--------+-----+--------+
         Total |  14675 |  14102 |    573 |    587 |  10871 |  18 |  815.3 |
       Dungeon |   9409 |   8961 |    448 |    227 |   7033 |  11 |  855.4 |
          Lair |    959 |    945 |     14 |      0 |    827 |   2 |  479.5 |
  Orcish Mines |   3330 |   3220 |    110 |    360 |   2369 |   2 | 1665.0 |
   Elven Halls |     25 |     25 |      0 |      0 |      6 |   1 |   25.0 |
         Abyss |     32 |     32 |      0 |      0 |      5 |   1 |   32.0 |
      Gauntlet |    918 |    918 |      0 |      0 |    631 |   1 |  918.0 |
               +--------+--------+--------+--------+--------+-----+--------+

Top non-repeatable levels by time:
   Orc:2: 2034 daAuts
     D:7: 1492 daAuts
   Orc:1: 1295 daAuts
     D:3: 1250 daAuts
     D:4: 986 daAuts
  Lair:1: 946 daAuts
    D:10: 922 daAuts
Gauntlet: 918 daAuts
     D:8: 839 daAuts
     D:5: 829 daAuts
     D:9: 747 daAuts
     D:1: 724 daAuts
     D:6: 573 daAuts
    D:11: 547 daAuts
     D:2: 496 daAuts
